 Dungeon Crawl Stone Soup version 0.28-a0-94-g325244837d (webtiles) character file.

Game seed: 9031683976866462407

43 tatocazan the Skirmisher (level 3, 33/33 HPs)
             Began as a Minotaur Fighter on July 31, 2021.
             Was a Believer of Lugonu.
             Got out of the dungeon alive.
             The game lasted 00:01:56 (1315 turns).

tatocazan the Skirmisher (Minotaur Fighter)         Turns: 1315, Time: 00:01:57

Health: 33/33      AC:  9    Str: 21    XL:     3   Next: 37%
Magic:  2/2        EV:  5    Int:  5    God:    Lugonu [**....]
Gold:   55         SH:  9    Dex:  9    Spells: 2/2 levels left

rFire   . . .      SeeInvis .   a - +0 war axe
rCold   . . .      Faith    .   c - +0 kite shield
rNeg    . . .      Spirit   .   g - +0 chain mail
rPois   .          Reflect  .   (helmet restricted)
rElec   .          Harm     .   (no cloak)
rCorr   .          Rampage  .   (no gloves)
Will    .....                   (no boots)
Stlth   ..........              (no amulet)
HPRegen 0.11/turn               (no ring)
MPRegen 0.08/turn               (no ring)

@: no status effects
A: horns 2, retaliatory headbutt
a: Renounce Religion, Depart the Abyss, Bend Space


You escaped.
You worshipped Lugonu.
Lugonu was pleased with you.
You visited 1 branch of the dungeon, and saw 2 of its levels.

You collected 55 gold pieces.

Inventory:

Hand Weapons
 a - a +0 war axe (weapon)
Armour
 b - a +0 scale mail
 c - a +0 kite shield (worn)
 g - a +0 chain mail (worn)
Scrolls
 e - a scroll of fog {unknown}
 h - a scroll of identify {unknown}
Potions
 d - a potion of might
 f - a potion of cancellation {unknown}


   Skills:
 + Level 4.1 Fighting
 * Level 3.2 Axes
 + Level 4.0 Armour
 + Level 4.0 Shields
 + Level 0.6 Invocations


You had 2 spell levels left.
You didn't know any spells.
Your spell library was empty.

Dungeon Overview and Level Annotations

Branches:
Dungeon (2/15)

Altars:
Lugonu


Innate Abilities, Weirdness & Mutations

You have a pair of horns on your head.
You reflexively headbutt those who attack you in melee.


Message History

Welcome back, tatocazan the Minotaur Fighter.
Lugonu says: Spread carnage and corruption!
Press ? for a list of commands and other information.
HP restored.
You see here a frilled lizard corpse.
An endoplasm comes into view.
Health restored: 33 The endoplasm quivers.
The endoplasm hits you but does no damage.
You slash the endoplasm!
You kill the endoplasm!
Lugonu accepts your kill.
No target in view!
No target in view!
No target in view!
No target in view!
No target in view!
No target in view!
No target in view!
No target in view!
No target in view!
No target in view!
No target in view!
No target in view!
No target in view!
No target in view!
No target in view!
No target in view!
No target in view!
No target in view!
No target in view!
No target in view!
No target in view!
You see here a frilled lizard corpse.
There is a stone staircase leading up here.
You climb upwards.
There is a stone staircase leading down here.
There is a staircase leading out of the dungeon here.
Are you sure you want to leave the Dungeon?
This will make you lose the game!
You have escaped!

##..##....# #...................
#....##...# #...###'###..##.###.
#.....##.## #...##...##..##.# #.
#......##### #...#.###.#..##.# #.
........#..# #...#.#⌠#.#..##.# #.
........##.###...#.#'#.#...#.# #.
........)........##...##...#.###.
...#.#...#.#.#...#######...#.....
...#.#.#.....#..@................
...#.......###............##.....
...#...#######.....###.#####.....
...#...........##### #.# #.....
...#......############.# #.....
######.................# #.#...
#########.#.##.###.##### #.#.#.
..........#.#....#.# ###...
###########.#..#.#.# #...


There were no monsters in sight!

Vanquished Creatures
  A dart slug (D:1)
  3 bats (D:1)
  4 endoplasms
  2 goblins (D:1)
  4 hobgoblins (D:1)
  8 jackals (D:1)
  2 kobolds (D:1)
  2 ball pythons (D:1)
  5 frilled lizards
  7 rats
38 creatures vanquished.

Notes
Turn   | Place    | Note
-------+----------+-------------------------------------------
     0 | D:1      | tatocazan the Minotaur Fighter began the quest for the Orb.
     0 | D:1      | Reached XP level 1. HP: 19/19 MP: 0/0
    75 | D:1      | Found a faded altar of an unknown god.
   252 | D:1      | Reached XP level 2. HP: 27/27 MP: 1/1
   253 | D:1      | Became a worshipper of Lugonu the Unformed
   253 | D:1      | Reached * piety under Lugonu
   253 | D:1      | Reached ** piety under Lugonu
   469 | D:1      | Reached XP level 3. HP: 29/33 MP: 2/2
  1270 | D:2      | Upgraded the game from 0.28-a0-60-g54b5640690 to
                  | 0.28-a0-94-g325244837d
  1315 | D:$      | Got out of the dungeon alive.

Illustrated notes

Levels and vault maps discovered:
D:1:      minmay_arrival_stone_box, layout_basic,
          hellmonk_ecumenical_altar_arch_garden, nrook_mini_backslash
D:2:      layout_loops_ring, uniq_crazy_yiuf_cottage

Skill      XL: |  1  2 |
---------------+-------+-----
Fighting       | 4 |  4.1
Axes           | 3 |  3.2
Armour         | 4 |  4.0
Shields        | 4 |  4.0
Invocations    | |  0.6

Action                   || total
-------------------------++-------
Melee: War axe           ||    68
       Headbutt          ||     9
Armor: Scale mail        ||    29
       Chain mail        ||    10
Dodge: Dodged            ||    29
Block: Kite shield       ||    39

Table legend: (Time is in decaauts)
 A = Elapsed time spent in this place.
 B = Non-inter-level travel time spent in this place.
 C = Inter-level travel time spent in this place.
 D = Time resting spent in this place.
 E = Time spent auto-exploring this place.
 F = Levels seen in this place.
 G = Mean time per level.
                   A        B        C        D        E       F      G
               +--------+--------+--------+--------+--------+-----+--------+
         Total |   1355 |   1298 |     57 |    172 |    926 |   2 |  677.5 |
       Dungeon |   1355 |   1298 |     57 |    172 |    926 |   2 |  677.5 |
               +--------+--------+--------+--------+--------+-----+--------+

Top non-repeatable levels by time:
     D:1: 1328 daAuts
     D:2: 27 daAuts
